 Dungeon Crawl Stone Soup version 0.28-a0-1159-g27aa881441 (webtiles) character file.

Game seed: 12413152575068351876

39383 fragbeetle the Transmogrifier (level 13, -13/132 HPs)
             Began as a White Draconian Transmuter on Dec 16, 2021.
             Was a High Priest of Makhleb.
             Mangled by an orc warrior (17 damage)
             ... on level 2 of the Orcish Mines on Dec 17, 2021.
             The game lasted 01:37:47 (21152 turns).

fragbeetle the Transmogrifier (DrTm)               Turns: 21152, Time: 01:37:48

Health: -13/132    AC: 13    Str: 16    XL:     13   Next: 68%
Magic:  24/24      EV: 16    Int: 14    God:    Makhleb [*****.]
Gold:   1516       SH:  0    Dex: 13    Spells: 8/27 levels left

rFire   x . .      SeeInvis .     - Unarmed
rCold   + + +      Faith    .   (shield currently unavailable)
rNeg    . . .      Spirit   .   (armour unavailable)
rPois   +          Reflect  .   (helmet currently unavailable)
rElec   .          Harm     .   (cloak currently unavailable)
rCorr   .          Rampage  .   (gloves currently unavailable)
Will    .....                   (boots currently unavailable)
Stlth   +.........              V - amulet of the acrobat
HPRegen 0.32/turn               x - +4 ring of protection
MPRegen 0.19/turn               N - +4 ring of evasion

@: ice-form, studying Polearms
A: freezing attack, amphibious, boosted hp, (breathe frost), AC +8, large,
unfitting armour, (cold resistance 1), (cold-blooded)
a: End Transformation, Renounce Religion, Minor Destruction, Lesser Servant of
Makhleb, Major Destruction, Greater Servant of Makhleb


You were on level 2 of the Orcish Mines.
You worshipped Makhleb.
Makhleb was extremely pleased with you.
You were a creature of crystalline ice.
You visited 4 branches of the dungeon, and saw 20 of its levels.
You also visited: Sewer.

You collected 1516 gold pieces.

Inventory:

Hand Weapons
 j - a +0 hunting sling
Missiles
 f - 54 poisoned darts
 k - 4 silver javelins
 r - 46 sling bullets
Armour
 q - a +1 cloak (melded)
 P - a +2 hat (melded)
 R - a +2 buckler of cold resistance
 T - a scarf of repulsion
 X - a +2 pair of boots (melded)
Jewellery
 m - a ring of positive energy
 x - a +4 ring of protection (left front paw)
 N - a +4 ring of evasion (right front paw)
 Q - a +6 ring of intelligence
 S - a ring of positive energy
 U - a +6 ring of strength
 V - an amulet of the acrobat (around neck)
Wands
 a - a wand of paralysis (12)
 w - a wand of polymorph (11)
 F - a wand of mindburst (9)
 G - a wand of flame (7)
 L - a wand of iceblast (17)
Scrolls
 h - a scroll of blinking
 n - a scroll of fear
 p - a scroll of holy word {unknown}
 u - 3 scrolls of noise {unknown}
 v - a scroll of torment {unknown}
 y - 2 scrolls of teleportation
 D - a scroll of fog
 I - a scroll of magic mapping {unknown}
 J - a scroll of amnesia {unknown}
 K - 2 scrolls of enchant weapon {unknown}
 W - 2 scrolls of enchant armour {unknown}
 Y - 2 scrolls of immolation {unknown}
 Z - 3 scrolls of brand weapon {unknown}
Potions
 c - 2 potions of might
 d - 2 potions of mutation
 g - 3 potions of lignification
 i - 4 potions of cancellation
 o - 4 potions of brilliance
 s - 4 potions of magic
 t - a potion of resistance {unknown}
 z - 2 potions of invisibility {unknown}
 A - 3 potions of haste
 B - 4 potions of degeneration {unknown}
 C - 6 potions of curing
 E - a potion of ambrosia {unknown}
 M - 3 potions of flight
Miscellaneous
 l - a lightning rod (4/4)


   Skills:
 + Level 8.9 Fighting
 + Level 6.9 Dodging
 * Level 9.0 Unarmed Combat
 + Level 7.6 Spellcasting
 + Level 12.6 Transmutations
 + Level 8.9 Ice Magic
 * Level 7.4 Earth Magic
 + Level 8.2 Poison Magic


You had 8 spell levels left.
You knew the following spells:

 Your Spells              Type           Power      Damage    Failure   Level
a - Beastly Appendage     Tmut           80%        N/A       1%          1
b - Spider Form           Tmut/Pois      34%        N/A       1%          3
c - Ice Form              Ice/Tmut       35%        N/A       1%          4
d - Statue Form           Tmut/Erth      22%        N/A       32%         6
e - Wereblood             Tmut           40%        N/A       1%          2
f - Mephitic Cloud        Conj/Pois/Air  13%        N/A       13%         3

Your spell library contained the following spells:

 Spells                   Type           Power      Damage    Failure   Level
 Petrify                  Tmut/Erth      33%        N/A       2%          4
 Magic Dart               Conj           20%        1d4       14%         1
 Slow                     Hex            20%        N/A       14%         1
 Call Imp                 Summ           5%         N/A       21%         2
 Confusing Touch          Hex            5%         N/A       38%         3
 Gell's Gravitas          Tloc           5%         N/A       38%         3
 Teleport Other           Tloc           5%         N/A       38%         3
 Vampiric Draining        Necr           5%         2d6       38%         3
 Metabolic Englaciation   Hex/Ice        8%         N/A       52%         5
 Animate Dead             Necr           2%         N/A       80%         4
 Dispersal                Tloc           2%         N/A       100%        6
 Haunt                    Necr/Summ      2%         N/A       100%        7
 Disjunction              Tloc           2%         N/A       100%        8
 Infestation              Necr           2%         N/A       100%        8


Dungeon Overview and Level Annotations

Branches:
Dungeon (12/15)            Temple (1/1) D:6            Lair (5/6) D:8
  Swamp (0/4) Lair:4        Snake (0/4) Lair:4        Slime (0/5) Lair:5
    Orc (2/2) D:12            Elf (0/3) Orc:2         Sewer (visited)

Altars:
Ashenzari
Cheibriados
Dithmenos
Hepliaklqana
Kikubaaqudgha
Makhleb
Nemelex Xobeh
Okawaru
Qazlal
Ru
Sif Muna
Uskayaw
Vehumet
Wu Jian
Xom
Yredelemnul
Zin
The Shining One

Shops:
D:8 *   Orc:1 *   Orc:2 [

Annotations:
D:2 1 runed translucent door, Crazy Yiuf
Lair:1 1 runed translucent door, avis's ghost, journeyman HOMo
Lair:5 exclusion: oklob plant


Innate Abilities, Weirdness & Mutations

You are a creature of crystalline ice.
You have a powerful freezing melee attack.
You are amphibious.
Your maximum health is increased.
Your armour is entirely melded.
You are incapable of wielding weapons or throwing items.
((You can breathe waves of freezing cold which knock back foes.))
((Your icy white scales are hard. (AC +8)))
You cannot fit into any form of body armour.
((Your flesh is cold resistant. (rC+)))
((You are cold-blooded and may be slowed by cold attacks.))


Message History

* * * LOW HITPOINT WARNING * * *
The orc priest invokes the aid of Beogh against you.
Beogh smites you!
* * * LOW HITPOINT WARNING * * *
You hear a shout!
You punch the orc priest! You freeze the orc priest.
You kill the orc priest!
Makhleb accepts your kill.
You feel better.
You hear a shout!
The orc priest begins to cast a cantrip, but forgets the words!
The orc warrior misses you. The orc warrior closely misses you.
You punch the orc priest! You freeze the orc priest.
You kill the orc priest!
Makhleb accepts your kill.
You feel better.
The orc warrior hits you with a +0 glaive!
* * * LOW HITPOINT WARNING * * *
The orc priest hits you but does no damage.
You punch the orc priest! You freeze the orc priest.
You kill the orc priest!
Makhleb accepts your kill.
You feel better.
The orc warrior hits you with a +0 long sword!
* * * LOW HITPOINT WARNING * * *
The orc warrior closely misses you.
Things that are here:
a +0 club; an orc corpse The orc warrior completely misses you.
The orc knight roars a battlecry!
The orc warriors go into a battle-frenzy!
The orc warrior closely misses you. The orc warrior misses you.
Things that are here:
a +0 ring mail; a +2 hand axe of distortion The orc warrior completely misses you.
There is a stone staircase leading up here.
The orc warrior hits you from afar with a +0 glaive!
* * * LOW HITPOINT WARNING * * *
The orc warrior hits you with a +0 long sword!
You die...

### ### #.# ##.# #.### #..#
###### #.#.# ##$.### ##..#.# #
..#.## ##.....### ##.....######
.....# ##........###......#)≈..#
...[#####..........#.......#<≈..'
........#................#.#.≈..#
........#.......Y........#.######
.............$...o.......#.######
##...........#.).o......###......
###...[....####.........####.....
.##..[[.....##...........####....
###.......................#......
#.....#..........))o......#.....#
.....###.......))#...[)[........#
.....# #.......).####[[........##


You could see an orc knight and 2 orc warriors.

Vanquished Creatures
  An ettin (Orc:2)
  3 hydras
  Erica (Lair:2)
  2 tengu warriors
  A two-headed ogre (D:12)
  An orc high priest (Orc:2)
  A bog body (Lair:4)
  A wizard (D:9)
  2 ugly things
  An orc sorcerer (Orc:1)
  4 black mambas
  4 elephants (Lair:3)
  Maggie (Lair:2)
  6 cane toads
  Psyche (D:9)
  9 komodo dragons
  3 rime drakes
  3 trolls
  2 polar bears
  4 blink frogs (Lair:4)
  6 dream sheep (Lair:4)
  A meliai zombie (D:11)
  A spriggan (D:9)
  2 wyverns
  Sigmund (D:6)
  2 basilisks
  2 vampires (D:11)
  66 yaks
  4 steam dragons
  4 vampire mosquitoes (D:12)
  A warg (Orc:2)
  A naga (Lair:4)
  Edmund (D:6)
  12 water moccasins
  Pargi (Sewer)
  7 orc warriors
  2 ice beasts (D:7)
  3 sky beasts
  5 ogres
  A necrophage (D:7)
  5 wolves
  4 centaurs
  A phantom (D:6)
  A kobold brigand (D:9)
  A gnoll sergeant (D:10)
  12 bullfrogs
  2 scorpions
  A water moccasin skeleton (D:6)
  3 killer bees (D:11)
  4 electric eels
  11 howler monkeys
  6 centaur zombies
  7 hounds
  A jelly (D:5)
  20 orc priests
  2 bullfrog skeletons
  A centaur skeleton (D:6)
  Terence (D:3)
  Natasha (thrice) (D:4)
  2 iguanas
  18 orc wizards
  A killer bee zombie (D:8)
  A hound skeleton (D:5)
  Robin (D:3)
  8 adders
  4 gnolls (D:10)
  3 river rats (D:6)
  An ufetubus (D:5)
  An adder skeleton (D:5)
  A worm (D:6)
  3 dart slugs
  51 orcs
  6 ball pythons
  5 endoplasms
  4 giant cockroaches
  12 goblins
  13 hobgoblins
  2 jackals (Sewer)
  9 quokkas
  5 bats
  A frilled lizard (D:1)
  9 kobolds
  4 rats
425 creatures vanquished.

Vanquished Creatures (others)
  A komodo dragon (Lair:3)
  A kobold (D:9)
  2 bushes (Lair:2)
  23 fungi
  58 plants
85 creatures vanquished.

Grand Total: 510 creatures vanquished

Notes
Turn   | Place    | Note
-------+----------+-------------------------------------------
     0 | D:1      | fragbeetle the Draconian Transmuter began the quest for the
                  | Orb.
     0 | D:1      | Reached XP level 1. HP: 16/16 MP: 3/3
   120 | D:1      | Found a faded altar of an unknown god.
   200 | D:1      | Reached XP level 2. HP: 17/23 MP: 1/5
  1265 | D:2      | Reached XP level 3. HP: 26/28 MP: 4/6
  1271 | D:2      | Learned a level 3 spell: Spider Form
  1374 | D:2      | Reached skill level 3 in Transmutations
  1486 | D:2      | Found a runed translucent door.
  1487 | D:2      | Noticed Crazy Yiuf
  1795 | D:3      | Reached skill level 1 in Poison Magic
  1795 | D:3      | Reached XP level 4. HP: 32/35 MP: 7/7
  1860 | D:3      | Noticed a scorpion
  1867 | D:3      | Killed a scorpion
  1868 | D:3      | Reached XP level 5. HP: 25/40 MP: 6/8
  2346 | D:3      | Noticed Terence
  2431 | D:3      | Killed Terence
  2649 | D:3      | Noticed Robin
  2662 | D:3      | Killed Robin
  2663 | D:3      | Reached skill level 4 in Transmutations
  3026 | D:4      | Noticed a wyvern
  3044 | D:4      | HP: 1/40 [wyvern (11)]
  3046 | D:4      | Killed a wyvern
  3047 | D:4      | Reached skill level 5 in Unarmed Combat
  3047 | D:4      | Reached XP level 6. HP: 10/47 MP: 6/9
  3604 | D:4      | Noticed Natasha
  3612 | D:4      | Killed Natasha
  3758 | D:4      | Noticed Natasha
  3765 | D:4      | Killed Natasha
  3815 | D:4      | Noticed Natasha
  3819 | D:4      | Killed Natasha
  4130 | D:5      | Entered Level 5 of the Dungeon
  4155 | D:5      | Your scales start taking on an icy white colour.
  4155 | D:5      | Reached XP level 7. HP: 25/52 MP: 4/10
  4155 | D:5      | Gained mutation: Your flesh is cold resistant. (rC+) [White
                  | Draconian growth]
  4208 | D:5      | Learned a level 4 spell: Ice Form
  4215 | D:5      | Found a hide-covered altar of Uskayaw.
  4218 | D:5      | Found a basalt altar of Yredelemnul.
  4224 | D:5      | Found a shimmering blue altar of Sif Muna.
  4226 | D:5      | Found a radiant altar of Vehumet.
  4227 | D:5      | Found an ornate altar of the Wu Jian Council.
  4237 | D:5      | Reached skill level 5 in Transmutations
  4237 | D:5      | Reached skill level 1 in Ice Magic
  4246 | D:5      | Found a burning altar of Makhleb.
  4251 | D:5      | Became a worshipper of Makhleb the Destroyer
  4818 | D:5      | Identified the +3 rapier "Lifebane" {vorpal, Will+}
  5399 | D:5      | Reached XP level 8. HP: 34/59 MP: 7/11
  5740 | D:6      | Reached * piety under Makhleb
  5742 | D:6      | Found a glowing drain.
  5766 | Sewer    | Entered a sewer
  5831 | Sewer    | Noticed Pargi
  5843 | Sewer    | Killed Pargi
  5960 | D:6      | Reached skill level 5 in Poison Magic
  6060 | D:6      | Found a staircase to the Ecumenical Temple.
  6094 | Temple   | Entered the Ecumenical Temple
  6173 | D:6      | Reached skill level 6 in Transmutations
  6251 | D:6      | Reached skill level 5 in Ice Magic
  6251 | D:6      | Reached XP level 9. HP: 39/71 MP: 9/12
  6518 | D:6      | Reached skill level 7 in Transmutations
  6525 | D:6      | Reached ** piety under Makhleb
  6526 | D:6      | Reached skill level 5 in Fighting
  6789 | D:6      | Noticed Edmund
  6814 | D:6      | Killed Edmund
  6979 | D:6      | Noticed Sigmund
  6998 | D:6      | Killed Sigmund
  7373 | D:7      | Reached skill level 8 in Transmutations
  7885 | D:8      | Reached XP level 10. HP: 83/83 MP: 8/13
  7955 | D:8      | Found Tuczeyllu's Gadget Gallery.
  8113 | D:8      | Found a staircase to the Lair.
  8632 | D:9      | Noticed a wizard
  8633 | D:9      | Noticed Psyche
  9572 | D:9      | Killed Psyche
  9573 | D:9      | Reached skill level 9 in Transmutations
 10128 | D:9      | Killed a wizard
 10205 | D:9      | Reached *** piety under Makhleb
 10499 | D:10     | Entered Level 10 of the Dungeon
 10526 | D:10     | Reached skill level 10 in Transmutations
 10881 | D:10     | Reached XP level 11. HP: 68/92 MP: 10/15
 11360 | D:11     | Learned a level 6 spell: Statue Form
 11590 | D:11     | Reached skill level 1 in Earth Magic
 11607 | D:11     | Found a basalt altar of Yredelemnul.
 11953 | D:11     | Noticed a tengu warrior
 11953 | D:11     | Noticed a tengu warrior
 11986 | D:12     | Killed a tengu warrior
 12288 | D:12     | Noticed a green ugly thing
 12288 | D:12     | Noticed a two-headed ogre
 12306 | D:12     | Killed a two-headed ogre
 12315 | D:12     | Killed a green ugly thing
 12384 | D:12     | Found a staircase to the Orcish Mines.
 12599 | D:11     | Identified the +5 scale mail of the Storm King {+Inv rElec}
 12861 | D:11     | Noticed a brown ugly thing
 12878 | D:11     | Killed a brown ugly thing
 12878 | D:11     | Reached **** piety under Makhleb
 12974 | D:11     | Killed a tengu warrior
 12975 | D:11     | Reached skill level 11 in Transmutations
 13797 | Lair:1   | Entered Level 1 of the Lair of Beasts
 13948 | Lair:1   | Found a shimmering altar of Xom.
 13948 | Lair:1   | Noticed avis's ghost (journeyman HOMo)
 13948 | Lair:1   | Noticed a +2 trident of chaos
 13949 | Lair:1   | Found a runed translucent door.
 14015 | Lair:1   | Reached skill level 5 in Spellcasting
 14211 | Lair:1   | Learned a level 2 spell: Wereblood
 14465 | Lair:1   | Reached XP level 12. HP: 103/103 MP: 19/19
 15149 | Lair:2   | Noticed Erica
 15168 | Lair:2   | Killed Erica
 15672 | Lair:2   | Reached skill level 5 in Dodging
 15744 | Lair:2   | Reached skill level 5 in Earth Magic
 15857 | Lair:2   | Noticed Maggie
 15867 | Lair:2   | Killed Maggie
 16601 | Lair:3   | Noticed a seven-headed hydra
 17188 | Lair:3   | Noticed a four-headed hydra
 17198 | Lair:3   | Killed a four-headed hydra
 17205 | Lair:3   | Reached skill level 12 in Transmutations
 17215 | Lair:3   | Killed a seven-headed hydra
 17605 | Lair:3   | Reached XP level 13. HP: 108/108 MP: 23/23
 17689 | Lair:4   | Found a staircase to the Snake Pit.
 17730 | Lair:4   | Reached ***** piety under Makhleb
 18356 | Lair:4   | Found a staircase to the Swamp.
 18868 | Lair:5   | Learned a level 3 spell: Mephitic Cloud
 19468 | Lair:5   | Found a staircase to the Slime Pits.
 19779 | Orc:1    | Entered Level 1 of the Orcish Mines
 19780 | Orc:1    | Found Typt's Overcharged Wands.
 20038 | Orc:2    | Entered Level 2 of the Orcish Mines
 20040 | Orc:2    | Found Ucaeqamm's Armour Shoppe.
 20055 | Orc:2    | Noticed an ettin
 20064 | Orc:2    | Killed an ettin
 20471 | Orc:2    | Found a staircase to the Elven Halls.
 20495 | Orc:2    | Found a shimmering blue altar of Sif Muna.
 21152 | Orc:2    | HP: 4/132 [orc warrior (13)]
 21152 | Orc:2    | Mangled by an orc warrior

Illustrated notes

Levels and vault maps discovered:
D:1:      scummos_arrival_gate, layout_loops_corners,
          chequers_ecumenical_altar_simple_redux
D:2:      layout_basic, uniq_crazy_yiuf_cottage
D:3:      layout_loops_cross, minmay_circle_x, uniq_terence, uniq_robin
D:4:      layout_loops_corners, minmay_manual_monstrance, uniq_natasha
D:5:      layout_basic, nicolae_overflow_hallway_of_the_gods,
          kennysheep_generic_room_6
D:6:      layout_basic, minmay_temple_entry_purple_smoke,
          gup_sewer_entry_bubbles, sigmund_edmund_badplayer
D:7:      nicolae_cairo_tiling, layout_basic, serial_glass, glass_columns_a,
          glass_columns_a, glass_columns_c, glass_columns_c, glass_columns_a,
          glass_columns_b
D:8:      layout_rooms, erik_lair_island, nicolae_shop_gadgets
D:9:      layout_stronghold, serial_glass, glass_columns_a, glass_columns_b,
          the_hattery, uniq_psyche
D:10:     layout_gridville
D:11:     layout_gridville, hangedman_abyss_or_decor_stagger,
          minmay_misc_feat_tiny, lemuel_zombie_altar_yredelemnul
D:12:     layout_roguey, orc_0_dummy
Temple:   nicolae_temple_x_marks_the_god
Lair:1:   layout_cave_pods, ebering_ghost_xom, nicolae_quartered_pool_super,
          infiniplex_staircase_pool_2, serial_bayou_shore_a, lemuel_fruit_tree
Lair:2:   layout_long_grid, serial_forest, infiniplex_forest_clump_tiny,
          infiniplex_forest_lined_room_3, infiniplex_forest_lined_corner,
          infiniplex_forest_clump_curved, infiniplex_forest_clump_tiny,
          infiniplex_forest_straight_3, infiniplex_forest_lined_4_way,
          infiniplex_forest_end_1, infiniplex_forest_clump_large, minmay_holes,
          grunt_megastairs_3, uniq_erica, uniq_maggie
Lair:3:   layout_gridlike, grunt_megastairs_4, serial_bayou_shore_b,
          lemuel_fruit_fields
Lair:4:   layout_hall_layers, skrybe_swamp_entry_bodies,
          guppyfry_snake_entry_garden, lemuel_old_faithful
Lair:5:   layout_regular_city, minmay_slime_entry_oklob_open,
          small_statue_intersection
Orc:1:    layout_caves, nicolae_shop_overcharged_wands
Orc:2:    st_orc_pillars, layout_diamond_mine, serial_shops,
          nicolae_shop_crystal, portal_ice_cave_entry_imps, led_sif_book

Skill      XL: |  1  2  3  4  5  6  7  8  9 10 11 12 13 |
---------------+----------------------------------------+-----
Transmutations | 3 4 5 6 8 10 11 12 | 12.6
Unarmed Combat | 4 5 6 8 9 |  9.0
Poison Magic   | 1 3 4 5 7 8 |  8.2
Ice Magic      | 2 5 6 8 |  8.9
Fighting       | 4 5 7 8 |  8.9
Spellcasting   | 3 5 6 7 |  7.6
Dodging        | 4 6 |  6.9
Earth Magic    | 3 6 7 |  7.4

Action                   |  1- 3 |  4- 6 |  7- 9 | 10-12 | 13-15 || total
-------------------------+-------+-------+-------+-------+-------++-------
Melee: Unarmed           |    71 |   138 |   308 |   707 |   364 ||  1588
       Headbutt          |    15 |    10 |     4 |       |       ||    29
       Kick              |    12 |    15 |     8 |       |       ||    35
       Tailslap          |     4 |     5 |     4 |       |     2 ||    15
       Punch             |       |     1 |       |       |       ||     1
 Fire: Hunting sling     |       |       |       |    11 |       ||    11
Throw: Dart              |       |     4 |     1 |       |       ||     5
 Cast: Beastly Appendage |    27 |    22 |     7 |       |       ||    56
       Spider Form       |       |     7 |    36 |    22 |     2 ||    67
       Ice Form          |       |       |     4 |    41 |    24 ||    69
       Mephitic Cloud    |       |       |       |       |     1 ||     1
       Statue Form       |       |       |       |       |     1 ||     1
 Abil: Breathe Frost     |       |       |       |     2 |       ||     2
Evoke: Wand              |       |       |       |     5 |       ||     5
  Use: Potion            |       |     3 |       |    10 |     2 ||    15
       Scroll            |       |       |     7 |     9 |     5 ||    21
 Stab: Sleeping          |     2 |     1 |       |       |       ||     3
Armor: Skin              |    20 |    52 |    55 |   271 |   118 ||   516
Dodge: Dodged            |    42 |   128 |   211 |   598 |   300 ||  1279
Block: Buckler           |       |       |       |     3 |       ||     3

Table legend: (Time is in decaauts)
 A = Elapsed time spent in this place.
 B = Non-inter-level travel time spent in this place.
 C = Inter-level travel time spent in this place.
 D = Time resting spent in this place.
 E = Time spent auto-exploring this place.
 F = Levels seen in this place.
 G = Mean time per level.
                   A        B        C        D        E       F      G
               +--------+--------+--------+--------+--------+-----+--------+
         Total |  21038 |  20235 |    803 |   5359 |   2958 |  21 | 1001.8 |
       Dungeon |  13706 |  13082 |    624 |   3383 |   2773 |  12 | 1142.2 |
        Temple |      7 |      7 |      0 |      0 |      0 |   1 |    7.0 |
          Lair |   5821 |   5643 |    178 |   1388 |    185 |   5 | 1164.2 |
  Orcish Mines |   1348 |   1348 |      0 |    588 |      0 |   2 |  674.0 |
         Sewer |    154 |    154 |      0 |      0 |      0 |   1 |  154.0 |
               +--------+--------+--------+--------+--------+-----+--------+

Top non-repeatable levels by time:
    D:11: 1636 daAuts
  Lair:1: 1573 daAuts
     D:9: 1555 daAuts
     D:5: 1459 daAuts
  Lair:2: 1426 daAuts
     D:6: 1337 daAuts
     D:8: 1335 daAuts
     D:3: 1205 daAuts
  Lair:4: 1186 daAuts
     D:4: 1162 daAuts
     D:1: 1115 daAuts
  Lair:3: 896 daAuts
   Orc:1: 849 daAuts
    D:10: 847 daAuts
     D:7: 783 daAuts
